 Dungeon Crawl Stone Soup version 0.28-a0-1159-g27aa881441 (webtiles) character file.

Game seed: 8995612013015089909

674 Froggeryz the Firebug (level 7, -1/72 HPs)
             Began as an Ogre Fire Elementalist on Dec 15, 2021.
             Asphyxiated
             ... on level 5 of the Dungeon.
             The game lasted 00:06:12 (5021 turns).

Froggeryz the Firebug (Ogre Fire Elementalist)      Turns: 5021, Time: 00:06:13

Health: -1/72      AC:  3    Str: 13    XL:     7   Next: 59%
Magic:  2/10       EV: 10    Int: 18    God:
Gold:   138        SH:  0    Dex:  9    Spells: 9/10 levels left

rFire   . . .      SeeInvis .   b - +0 short sword (elec)
rCold   . . .      Faith    .   (no shield)
rNeg    . . .      Spirit   .   a - +0 robe
rPois   .          Reflect  .   (helmet restricted)
rElec   .          Harm     .   (no cloak)
rCorr   .          Rampage  .   (gloves unavailable)
Will    .....                   (boots unavailable)
Stlth   +.........              (no amulet)
HPRegen 0.22/turn               h - ring of flight
MPRegen 0.12/turn               (no ring)

@: lethally poisoned (-1 -> -22), flying, slowed, very slow
A: large, unfitting armour, tough skin 1
a: no special abilities


You were on level 5 of the Dungeon.
You visited 1 branch of the dungeon, and saw 5 of its levels.

You collected 138 gold pieces.

Inventory:

Hand Weapons
 b - a +0 short sword of electrocution (weapon)
 k - a +0 dagger of venom
 s - the +7 hunting sling of the Morning {flame, rElec rF+ rCorr Int-2}
   (You found it on level 4 of the Dungeon)

   Any ammunition fired from it burns those it strikes, dealing additional fire
   damage.
   Int:       It affects your intelligence (-2).
   rF:        It protects you from fire.
   rElec:     It insulates you from electricity.
   rCorr:     It protects you from acid and corrosion.
Missiles
 t - 15 poisoned darts
 w - 15 stones
Armour
 a - a +0 robe (worn)
Jewellery
 h - a ring of flight (left hand)
 m - a ring of see invisible
 v - a ring of positive energy
Wands
 l - a wand of mindburst (22)
Scrolls
 c - 2 scrolls of identify {unknown}
 d - a scroll of vulnerability {unknown}
 e - 3 scrolls of amnesia {unknown}
 f - a scroll of teleportation {unknown}
 n - a scroll of blinking {unknown}
 q - a scroll of brand weapon {unknown}
 r - a scroll of silence {unknown}
Potions
 g - a potion of curing {unknown}
 i - a potion of heal wounds
 j - 2 potions of mutation {unknown}
 o - 2 potions of haste {unknown}
 p - 2 potions of lignification {unknown}
 u - a potion of brilliance {unknown}


   Skills:
 + Level 5.0 Fighting
 - Level 3.0 Short Blades
 - Level 2.0 Dodging
 - Level 1.4 Stealth
 - Level 2.4 Spellcasting
 - Level 1.4 Conjurations
 + Level 5.8 Fire Magic


You had 9 spell levels left.
You knew the following spells:

 Your Spells              Type           Power      Damage    Failure   Level
a - Foxfire               Conj/Fire      60%        2x1d7     4%          1

Your spell library contained the following spells:

 Spells                   Type           Power      Damage    Failure   Level
 Scorch                   Fire           46%        2d7       2%          2
 Magic Dart               Conj           28%        1d4       10%         1
 Conjure Flame            Conj/Fire      15%        6-21      12%         3
 Inner Flame              Hex/Fire       12%        N/A       16%         3
 Call Imp                 Summ           2%         N/A       26%         2
 Flame Wave               Conj/Fire      15%        2d5       36%         4
 Mephitic Cloud           Conj/Pois/Air  3%         N/A       38%         3
 Summon Guardian Golem    Hex/Summ       2%         N/A       45%         3
 Orb of Destruction       Conj           3%         9d1       100%        7
 Spellforged Servitor     Conj/Summ      2%         N/A       100%        7


Dungeon Overview and Level Annotations

Branches:
Dungeon (5/15)
 Temple: D:4-7

Altars:
Cheibriados


Innate Abilities, Weirdness & Mutations

You are too large for most types of armour.
You have tough skin. (AC +1)


Message History

Confirm with . or Enter, or press ? or * to list all spells.
You conjure some foxfire!
You feel very sick.
The foxfire hits the kobold brigand but does no damage.
Your foxfire dissipates!
You feel sick.
Casting: Foxfire (safe; 4% risk of failure)
Confirm with . or Enter, or press ? or * to list all spells.
You conjure some foxfire!
You feel sick.
The kobold brigand throws a curare-tipped dart.
The curare-tipped dart hits you.
You are more poisoned.
You have difficulty breathing.
* * * LOW HITPOINT WARNING * * *
You feel as though you will be slow longer.
The kobold brigand hits you with a +0 short sword.
* * * LOW HITPOINT WARNING * * *
You hit the kobold brigand but do no damage.
The kobold brigand is almost dead.
* * * LOW HITPOINT WARNING * * *
You feel very sick.
The foxfire hits the kobold brigand.
The kobold brigand is almost dead.
The foxfire hits the kobold brigand.
You kill the kobold brigand!
The kobold brigand misses you.
Your Fighting skill increases to level 5!
You feel much better.
You feel very sick.
The kobold brigand hits you with a +1 short sword of protection!
* * * LOW HITPOINT WARNING * * *
The kobold brigand hits you with a +0 whip!
* * * LOW HITPOINT WARNING * * *
* * * LOW HITPOINT WARNING * * *
You feel very sick.
The kobold brigand throws a curare-tipped dart.
The curare-tipped dart hits you.
You are lethally poisoned!
You have difficulty breathing.
You die...

#.# #............
#.# #.###########
###.# #.# #
##.#.####.### #
#.#.......... .
#####..K.####.#..
.. ###..K.#K#.##
.## ###
#...KK##).K.#.....
##'')###..@.....#
#...# ####.#.###
#..).. ...#
#.....) ####
#?...... #.:.....
#.?.....#


You could see 2 kobold brigands and a kobold.

Vanquished Creatures
  A black bear (D:4)
  An ice beast (D:5)
  An ogre (D:4)
  A phantom (D:5)
  A kobold brigand (D:5)
  A jelly (D:4)
  A hound (D:4)
  An iguana (D:4)
  2 orc wizards
  Robin (D:3)
  An adder (D:2)
  An adder zombie (D:3)
  A worm (D:4)
  9 orcs
  8 endoplasms
  4 giant cockroaches
  13 goblins
  10 hobgoblins
  2 jackals (D:5)
  3 quokkas
  4 ball pythons
  4 bats
  4 frilled lizards
  11 kobolds
  9 rats
95 creatures vanquished.

Vanquished Creatures (others)
  170 foxfires
  5 toadstools (D:5)
175 creatures vanquished.

Grand Total: 270 creatures vanquished

Notes
Turn   | Place    | Note
-------+----------+-------------------------------------------
     0 | D:1      | Froggeryz the Ogre Fire Elementalist began the quest for
                  | the Orb.
     0 | D:1      | Reached XP level 1. HP: 16/16 MP: 3/3
    23 | D:1      | Reached skill level 1 in Conjurations
   214 | D:1      | Reached XP level 2. HP: 24/24 MP: 5/5
  1362 | D:2      | Reached XP level 3. HP: 31/31 MP: 6/6
  1829 | D:2      | Reached skill level 1 in Short Blades
  2449 | D:3      | You are sucked into a shaft and drop 2 floors!
  2449 | D:5      | Entered Level 5 of the Dungeon
  2544 | D:4      | Reached XP level 4. HP: 39/39 MP: 2/7
  2643 | D:3      | Found a snail-covered altar of Cheibriados.
  2749 | D:3      | Found a faded altar of an unknown god.
  2776 | D:3      | Noticed Robin
  2807 | D:3      | Killed Robin
  2808 | D:3      | Reached XP level 5. HP: 18/45 MP: 8/8
  4055 | D:4      | Noticed a black bear
  4065 | D:4      | Killed a black bear
  4066 | D:4      | Reached XP level 6. HP: 49/57 MP: 1/9
  4073 | D:4      | Identified the +7 hunting sling of the Morning {flame,
                  | rElec rF+ rCorr Int-2}
  4611 | D:4      | Reached skill level 5 in Fire Magic
  4611 | D:4      | Reached XP level 7. HP: 56/67 MP: 4/10
  5020 | D:5      | Reached skill level 5 in Fighting
  5021 | D:5      | Asphyxiated

Illustrated notes

Levels and vault maps discovered:
D:1:      lightli_arrival_boilingwater, layout_loops_corners, minivault_5
D:2:      layout_basic, amethyst_killhole
D:3:      layout_loops_cross, nicolae_overflow_hidden_temple,
          ebering_ecumenical_altar_hall, uniq_robin
D:4:      minmay_angry_zag, layout_basic, serial_rivers,
          chequers_serial_rivers_room_a, chequers_serial_rivers_micro_a,
          chequers_serial_rivers_micro_d, chequers_serial_rivers_micro_c,
          chequers_serial_rivers_small_a, chequers_serial_rivers_small_a
D:5:      cheibrodos_fertilizer, layout_loops_ring, serial_shops,
          nicolae_diamond_shop

Skill      XL: |  1  2  3  4  5  6  7 |
---------------+----------------------+-----
Conjurations   | 1 |  1.4
Fire Magic     | 3 4 5 |  5.8
Dodging        | 2 |  2.0
Short Blades   | 1 2 3 |  3.0
Fighting       | 2 3 5 |  5.0
Stealth        | |  1.4
Spellcasting   | |  2.4

Action                   |  1- 3 |  4- 6 |  7- 9 || total
-------------------------+-------+-------+-------++-------
Melee: Short sword       |   130 |    84 |     5 ||   219
       Unarmed           |     1 |       |       ||     1
       Dagger            |       |     7 |       ||     7
 Cast: Foxfire           |    10 |    70 |    26 ||   106
  Use: Potion            |       |       |     2 ||     2
 Stab: Sleeping          |     3 |     1 |       ||     4
       Distracted        |     1 |       |       ||     1
Armor: Robe              |    38 |    25 |       ||    63
Dodge: Dodged            |    63 |    53 |     9 ||   125

Table legend: (Time is in decaauts)
 A = Elapsed time spent in this place.
 B = Non-inter-level travel time spent in this place.
 C = Inter-level travel time spent in this place.
 D = Time resting spent in this place.
 E = Time spent auto-exploring this place.
 F = Levels seen in this place.
 G = Mean time per level.
                   A        B        C        D        E       F      G
               +--------+--------+--------+--------+--------+-----+--------+
         Total |   5039 |   4909 |    130 |    219 |   3870 |   5 | 1007.8 |
       Dungeon |   5039 |   4909 |    130 |    219 |   3870 |   5 | 1007.8 |
               +--------+--------+--------+--------+--------+-----+--------+

Top non-repeatable levels by time:
     D:3: 1316 daAuts
     D:1: 1267 daAuts
     D:2: 1194 daAuts
     D:4: 981 daAuts
     D:5: 280 daAuts
